 Dungeon Crawl Stone Soup version 0.16.1-2-g95b8d4c (webtiles) character file.

9196 Chiseanne the Martial Artist (level 11, -12/59 HPs)
             Began as a Vine Stalker Monk on Mar 26, 2015.
             Was a Believer of Ru.
             Mangled by a hill giant
             ... wielding a +0 giant club
             ... summoned by a shadow trap
             ... triggered by the player character
              (21 damage)
             ... on level 12 of the Dungeon.
             The game lasted 00:51:56 (10748 turns).

Chiseanne the Martial Artist (Vine Stalker Monk)   Turns: 10748, Time: 00:51:56

Health: -12/59     AC: 15    Str: 16    XL:     11   Next: 42%
Magic:  0/15       EV:  6    Int: 10    God:    Ru [**....]
Gold:   242        SH: 11    Dex: 18    Spells: 1 memorised, 9 levels left

rFire  . . .     SeeInvis +       - Unarmed
rCold  + . .     Clarity  .     L - +2 plate armour {rC+}
rNeg   . . .     SustAb   .     k - +0 shield
rPois  .         Gourm    .     N - +0 helmet (curse)
rElec  .         Spirit   +     j - +0 cloak
rCorr  .         Warding  .     v - +0 pair of gloves
rMut   .         Stasis   .     (no boots)
MR     +....                    (no amulet)
Stlth  ..........               (no ring)
                                t - ring of see invisible

@: about to teleport, somewhat resistant to hostile enchantments, extremely
unstealthy
A: fangs 3, regeneration 2, magic shield, antimagic bite, no device heal 3, rot
immunity, hated by all, no conjurations magic, no poison magic, no
transmutations magic, disrupted magic 1
a: Renounce Religion


You were on level 12 of the Dungeon.
You worshipped Ru.
Ru was pleased with you.
You were hungry.

You visited 1 branch of the dungeon, and saw 13 of its levels.

You collected 644 gold pieces.
You spent 402 gold pieces at shops.

Inventory:

Hand weapons
 w - a +2 blowgun
Missiles
 r - 20 poisoned needles
 s - 6 needles of sleeping
 G - 2 tomahawks (quivered)
Armour
 j - a +0 cloak (worn)
 k - a +0 shield (worn)
 l - a +1 leather armour of cold resistance
 v - a +0 pair of gloves (worn)
 K - a +1 leather armour of positive energy
 L - a +2 plate armour of cold resistance (worn)
 N - a cursed +0 helmet (worn)
Jewellery
 n - an uncursed ring of fire
 t - a ring of see invisible (left hand)
 u - an uncursed ring of fire
 F - an uncursed ring of ice
Magical devices
 o - a wand of digging (17)
 p - a wand of teleportation (0)
 y - a wand of digging (9)
Scrolls
 g - 5 scrolls of remove curse
 z - a scroll of teleportation
Potions
 a - 4 potions of restore abilities
 e - 5 potions of brilliance
 i - 2 potions of mutation
 m - a potion of cure mutation
 q - 2 potions of curing
 B - 2 potions of resistance
 C - 2 potions of degeneration {unknown}
 D - a potion of ambrosia {unknown}
 H - a potion of haste {unknown}
 J - a potion of berserk rage {unknown}
 M - a potion of lignification
Books
 d - a book of Party Tricks

   Spells                             Type                      Level
   a - Summon Butterflies             Summoning                    1
   b - Apportation                    Translocation                1
   c - Tukima's Dance                 Hexes                        3
   d - Alistair's Intoxication        Transmutation/Poison         4
   e - Invisibility                   Hexes                        6
 E - a book of Alchemy

   Spells                             Type                      Level
   a - Sublimation of Blood           Necromancy                   2
   b - Alistair's Intoxication        Transmutation/Poison         4
   c - Condensation Shield            Ice                          4
   d - Petrify                        Transmutation/Earth          4
   e - Ignite Poison                  Fire/Transmutation           5
   f - Irradiate                      Conjuration/Transmutation    5
Miscellaneous
 A - a disc of storms
Comestibles
 b - 10 bread rations
 c - 3 beef jerkies
 f - 4 meat rations
 h - a fruit
 I - 2 royal jellies


   Skills:
 - Level 7.7 Fighting
 + Level 1.3 Armour
 - Level 8.1 Dodging
 - Level 2.4 Stealth
 - Level 7.6 Shields
 - Level 10.3 Unarmed Combat


You had 9 spell levels left.
You knew the following spells:

 Your Spells              Type           Power        Failure   Level  Hunger
a - Apportation           Tloc           #.........   100%        1    ##.....


Dungeon Overview and Level Annotations

Branches:
Dungeon (13/15)            Temple (0/1) D:6            Lair (0/8) D:11
    Orc: D:9-12      Vaults: D:13-14

Altars:
Fedhas
Gozag
Okawaru
Ru
Trog
Vehumet
Yredelemnul

Shops:
D:7 }   D:8 !((*   D:10 (

Annotations:
D:5 Chiseanne's ghost, experienced FeCK
D:8 1 exclusion
D:9 exclusion: obsidian statue


Innate Abilities, Weirdness & Mutations

You have razor-sharp teeth.
You heal very quickly.
When hurt, damage is shared between your health and your magic reserves.
Your bite disrupts and absorbs the magic of your enemies.
Potions and wands cannot restore your health.
You are immune to rotting.
You are hated by all.
You cannot study or cast Conjurations magic.
You cannot study or cast Poison magic.
You cannot study or cast Transmutations magic.
Your casting is slightly disrupted.


Message History

The troll is moderately wounded.
The vampire mosquito bites you but does no damage.
The hill giant hits you with a giant club!!
You block the yak's attack.
The vampire mosquito bites you but does no damage.
You redirect the troll's attack!
The troll closely misses the vampire mosquito.
The troll claws the vampire mosquito!
The troll misses the vampire mosquito.
You block the troll's attack. The troll claws you but does no damage.
The troll claws you!
* * * LOW HITPOINT WARNING * * *
Read which item? (? for menu, Esc to quit)
As you read the scroll of teleportation, it crumbles to dust.
You feel strangely unstable.
The vampire mosquito is stunned by your will and fails to attack.
The yak snorts and paws the ground.
The yak gores you!
* * * LOW HITPOINT WARNING * * *
The hill giant hits you with a giant club!!
You die...

###.######...#...###.###...
#.# ##รท###...###.## #. #.#
#........#....# #.#
#.(....#.##...###.# ..#
#.................# ..#
#......#..###.###.# ..#
####+#.#....Y<# .
.....###Ty###.# #..C@TyyY.#
#.###YY#### ##YY.. #..###
...# ##.# .. #.#


You could see a hill giant, 5 yaks, 2 trolls and 3 vampire mosquitoes.

Vanquished Creatures
  An unseen horror (D:10)
  A hill giant (D:11)
  An ugly thing (D:11)
  A cyclops (D:12)
  A centaur skeleton (D:11)
  A gargoyle (D:11)
  A two-headed ogre (D:6)
  A wraith (D:11)
  A vampire mosquito (D:11)
  10 yaks
  A deep elf fighter (D:11)
  3 hungry ghosts
  A wandering mushroom (D:8)
  Menkaure (D:4)
  4 ice beasts
  4 orc warriors
  2 phantoms
  5 ogres
  A sky beast (D:9)
  2 crocodiles
  2 centaurs
  A big kobold (D:9)
  8 giant frogs
  The ghost of Mandevil the Ruffian, a weakling TrEn (D:3)
  3 wights (D:9)
  2 goliath beetles
  2 crimson imps
  3 killer bees (D:7)
  A giant frog skeleton (D:5)
  2 jellies
  2 centaur zombies
  4 iguanas
  7 orc wizards
  7 orc priests
  7 hounds
  2 sheep (D:12)
  8 worker ants
  A hound zombie (D:7)
  A mummy (D:8)
  2 worker ant zombies (D:8)
  A hound skeleton (D:10)
  12 adders
  4 gnolls (D:6)
  A giant mite (D:6)
  2 worms
  2 shadow imps
  An adder zombie (D:9)
  An orc skeleton (D:7)
  4 giant geckos
  54 orcs
  A ball python (D:1)
  5 giant cockroaches
  8 goblins
  19 hobgoblins
  6 jackals
  An ooze (D:5)
  8 quokkas
  25 bats
  4 giant newts
  12 kobolds
  An orc zombie (D:7)
  2 quokka skeletons
  18 rats
  A spectral orc (D:7)
  14 ballistomycetes
  3 fungi (D:11)
319 creatures vanquished.

Vanquished Creatures (others)
  A centaur (D:7)
  An orc (D:11)
  3 giant spores
  A rat (D:7)
6 creatures vanquished.

Grand Total: 325 creatures vanquished

Notes
Turn   | Place    | Note
--------------------------------------------------------------
     0 | D:1      | Chiseanne, the Vine Stalker Monk, began the quest for the Orb.
     0 | D:1      | Reached XP level 1. HP: 11/11 MP: 1/1
   166 | D:1      | Reached XP level 2. HP: 14/16 MP: 0/3
   775 | D:2      | Reached XP level 3. HP: 20/20 MP: 4/4
   780 | D:2      | Found a sacrificial altar of Ru.
   795 | D:2      | Became a worshipper of Ru the Awakened
   808 | D:2      | Gained mutation: You are hated by all. [Ru sacrifice]
   808 | D:2      | Acquired Ru's first power
  1225 | D:3      | Noticed Mandevil's ghost (weakling TrEn)
  1248 | D:3      | Killed Mandevil's ghost
  1248 | D:3      | Reached XP level 4. HP: 24/24 MP: 2/5
  1387 | D:3      | Reached skill level 5 in Unarmed Combat
  1634 | D:3      | Reached skill level 1 in Shields
  1634 | D:3      | Reached XP level 5. HP: 25/28 MP: 7/7
  1667 | D:3      | Found a blossoming altar of Fedhas.
  2080 | D:4      | Noticed Menkaure
  2097 | D:4      | Killed Menkaure
  2097 | D:4      | Gained mutation: You heal very quickly. [vine stalker growth]
  2097 | D:4      | Reached XP level 6. HP: 8/32 MP: 4/8
  2169 | D:4      | Noticed an ogre
  2182 | D:4      | Killed an ogre
  2713 | D:4      | Reached skill level 6 in Unarmed Combat
  3249 | D:5      | Entered Level 5 of the Dungeon
  3265 | D:5      | Noticed Chiseanne's ghost (experienced FeCK)
  3598 | D:5      | Reached XP level 7. HP: 37/37 MP: 9/9
  3696 | D:5      | Found an iron altar of Okawaru.
  4159 | D:6      | HP: 1/37 [kobold/dagger (3)]
  4336 | D:6      | Found a staircase to the Ecumenical Temple.
  4817 | D:6      | Gained mutation: You have razor-sharp teeth. [vine stalker growth]
  4817 | D:6      | Reached XP level 8. HP: 42/42 MP: 11/11
  5110 | D:6      | Learned a level 1 spell: Apportation
  5136 | D:6      | Noticed a two-headed ogre
  5148 | D:6      | Killed a two-headed ogre
  5148 | D:6      | Reached skill level 5 in Dodging
  5148 | D:6      | Reached skill level 7 in Unarmed Combat
  5647 | D:6      | Reached skill level 5 in Fighting
  5746 | D:7      | Reached XP level 9. HP: 31/47 MP: 9/12
  6055 | D:7      | Reached skill level 8 in Unarmed Combat
  6065 | D:7      | Reached skill level 5 in Shields
  6465 | D:7      | Found Ehojuiruacs' Gadget Boutique.
  6472 | D:7      | Bought a disc of storms for 280 gold pieces
  6678 | D:7      | Got a bloodstained spear
  6679 | D:7      | Identified the +2 spear "Miblit" {drain, Str+4 Dex-3} (You found it on level 7 of the Dungeon)
  6783 | D:7      | Found a radiant altar of Vehumet.
  6803 | D:7      | Found a basalt altar of Yredelemnul.
  6958 | D:8      | Found Phaadaz's Weapon Shop.
  7010 | D:8      | Found Thruuvege's Weapon Boutique.
  7045 | D:8      | Found Zierph's General Store.
  7055 | D:8      | Bought a potion of poison for 13 gold pieces
  7055 | D:8      | Bought a scroll of identify for 26 gold pieces
  7055 | D:8      | Bought a scroll of remove curse for 39 gold pieces
  7521 | D:8      | Found an opulent altar of Gozag.
  7676 | D:8      | Noticed a wandering mushroom
  7686 | D:8      | Killed a wandering mushroom
  7706 | D:8      | Noticed a wandering mushroom
  7707 | D:8      | Found a blossoming altar of Fedhas.
  7707 | D:8      | Noticed a wandering mushroom
  7707 | D:8      | Noticed a wandering mushroom
  7829 | D:8      | Reached XP level 10. HP: 49/53 MP: 13/13
  7842 | D:8      | Found Diasos' Distillery.
  7860 | D:8      | Bought a potion of curing for 33 gold pieces
  7860 | D:8      | Bought a potion of decay for 11 gold pieces
  8244 | D:9      | Noticed an obsidian statue
  8355 | D:9      | Found a bloodstained altar of Trog.
  8673 | D:9      | Reached skill level 9 in Unarmed Combat
  8952 | D:10     | Entered Level 10 of the Dungeon
  8968 | D:10     | Gained mutation: Your casting is slightly disrupted. [Ru sacrifice]
  9051 | D:10     | Noticed an unseen horror
  9072 | D:10     | Killed an unseen horror
  9128 | D:10     | Noticed an orc knight
  9150 | D:10     | HP: 1/53 [orc warrior/long sword (17)]
  9186 | D:10     | Found Schadanei's Weapon Emporium.
  9368 | D:10     | You fall through a shaft for 3 floors!
  9413 | D:12     | Noticed a hill giant
  9502 | D:12     | Noticed a cyclops
  9558 | D:12     | Killed a cyclops
  9819 | D:11     | Found a staircase to the Lair.
  9825 | D:11     | Reached XP level 11. HP: 58/58 MP: 15/15
  9856 | D:11     | Noticed a hill giant
  9865 | D:11     | Killed a hill giant
 10015 | D:11     | Reached skill level 10 in Unarmed Combat
 10158 | D:11     | Noticed a brown ugly thing
 10179 | D:11     | Killed a brown ugly thing
 10348 | D:11     | Reached skill level 1 in Armour
 10579 | D:11     | Gained mutation: You cannot study or cast Poison magic. [Ru sacrifice]
 10579 | D:11     | Gained mutation: You cannot study or cast Transmutations magic. [Ru sacrifice]
 10579 | D:11     | Gained mutation: You cannot study or cast Conjurations magic. [Ru sacrifice]
 10579 | D:11     | Acquired Ru's second power
 10744 | D:12     | Noticed a hill giant
 10748 | D:12     | Mangled by a hill giant

Action                   |  1- 3 |  4- 6 |  7- 9 | 10-12 || total
-------------------------+-------+-------+-------+-------++-------
Melee: Unarmed           |   135 |   201 |   670 |   480 ||  1486
 Fire: Blowgun           |       |       |       |     4 ||     4
Invok: Sacrifice Love    |     1 |       |       |       ||     1
       Reject Sacrifices |       |     1 |     1 |       ||     2
       Sacrifice Essence |       |       |       |     1 ||     1
       Sacrifice Arcana  |       |       |       |     1 ||     1
Evoke: Wand              |       |       |     6 |     6 ||    12
  Use: Scroll            |     7 |     5 |    12 |     7 ||    31
       Potion            |     1 |       |       |     6 ||     7
 Stab: Sleeping          |     1 |     1 |     1 |     6 ||     9
       Distracted        |       |       |     2 |       ||     2
       Invisible         |       |       |       |     1 ||     1
  Eat: Chunk             |     1 |     7 |    11 |    10 ||    29
       Pizza             |       |       |     1 |     1 ||     2
       Fruit             |       |       |     1 |     1 ||     2
       Royal jelly       |       |       |     1 |       ||     1
